 Dungeon Crawl Stone Soup version 0.18.1-48-g4cf74bf (webtiles) character file.

123 Inkary the Cudgeler (level 4, -22/38 HPs)
             Began as a Minotaur Skald on July 28, 2016.
             Killed from afar by a gnoll (38 damage)
             ... with an exploding inner flame
             ... hexed by the player character
             ... on level 4 of the Dungeon.
             The game lasted 00:05:08 (2911 turns).

Inkary the Cudgeler (Minotaur Skald)                Turns: 2911, Time: 00:05:09

Health: -22/38     AC:  3    Str: 17    XL:     4   Next: 79%
Magic:  5/6        EV:  8    Int: 10    God:
Gold:   92         SH:  7    Dex:  9    Spells: 1 memorised, 6 levels left

rFire  . . .     SeeInvis .     a - +0 mace
rCold  . . .     Gourm    .     b - +0 leather armour
rNeg   . . .     Faith    .     n - +0 shield
rPois  .         Spirit   .     (helmet restricted)
rElec  .         Dismiss  .     (no cloak)
rCorr  .         Reflect  .     (no gloves)
SustAt .         Harm     .     (no boots)
MR     .....                    i - amulet of magic regeneration
Stlth  +.........               (no ring)
                                (no ring)

@: not resistant to hostile enchantments, very unstealthy
A: retaliatory headbutt, horns 2
a: no special abilities


You were on level 4 of the Dungeon.
You were not hungry.

You visited 1 branch of the dungeon, and saw 4 of its levels.

You collected 200 gold pieces.
You spent 108 gold pieces at shops.

Inventory:

Hand Weapons
 a - a +0 mace (weapon)
Armour
 b - a +0 leather armour (worn)
 n - a +0 shield (worn)
Jewellery
 i - an amulet of magic regeneration (around neck)
Scrolls
 j - a scroll of random uselessness {unknown}
 k - a scroll of identify {unknown}
 l - 3 scrolls of fog {unknown}
 m - 2 scrolls of immolation
 o - a scroll of remove curse {unknown}
 r - a scroll of enchant weapon {unknown}
 s - a scroll of amnesia {unknown}
 t - a scroll of magic mapping {unknown}
 v - a scroll of blinking {unknown}
 w - a scroll of enchant armour {unknown}
Potions
 e - a potion of beneficial mutation {unknown}
 g - 2 potions of berserk rage
 h - 4 potions of curing {unknown}
 q - a potion of magic {unknown}
 u - a potion of mutation {unknown}
 x - a potion of brilliance
Books
 c - a book of Battle

   Spells                             Type                      Level
   a - Infusion                       Charms                       1
   b - Shroud of Golubria             Charms/Translocation         2
   c - Song of Slaying                Charms                       2
   d - Spectral Weapon                Hexes/Charms                 3
   e - Regeneration                   Charms/Necromancy            3
Comestibles
 d - 5 bread rations
 f - a slice of pizza
 p - 4 meat rations


   Skills:
 + Level 3.5 Fighting
 + Level 4.0 Maces & Flails
 + Level 2.8 Armour
 - Level 1.1 Dodging
 + Level 2.0 Spellcasting
 - Level 2.0 Charms


You had 6 spell levels left.
You knew the following spells:

 Your Spells              Type           Power        Failure   Level  Hunger
a - Infusion              Chrm           #...         92%         1    ##.....


Dungeon Overview and Level Annotations

Branches:
Dungeon (4/15)
 Temple: D:4-7

Altars:
Ashenzari
Elyvilon
Gozag
Pakellas
Sif Muna
Vehumet

Shops:
D:4 *(


Innate Abilities, Weirdness & Mutations

You reflexively headbutt those who attack you in melee.
You have a pair of horns on your head.


Message History

The gnoll hits you from afar with a spear!
The gnoll hits you with a spear.
You thump the gnoll!
The gnoll is heavily wounded.
The gnoll hits you but does no damage. You block the gnoll's attack.
You barely miss the gnoll.
The gnoll is heavily wounded.
The gnoll closely misses you.
You hit the gnoll but do no damage. You headbutt the gnoll.
The gnoll is severely wounded.
The gnoll closely misses you. The gnoll hits you with a whip!
You hit the gnoll.
The gnoll explodes!
The fiery explosion engulfs the gnoll.
You kill the gnoll!
Your Maces & Flails skill increases to level 4!
Your Spellcasting skill increases to level 2!
The fiery explosion engulfs you!
Ouch! That really hurt!
You die...

####.....
......... ##
#.##.##. . #.##.#
.### .....# ##
#.. #.##.#####.##
#.# #.##......#.#
#.# .....#####.#
#.# #.####
###.#####@# #.#
#.......§§####..
#.#
#......#§§§.....#
..
#........####..##
#..(.#.∩.# #
#........#
#####..#.# #.##.#
#.##.#


There were no monsters in sight!

Vanquished Creatures
  A crimson imp (D:3)
  A gnoll (D:4)
  3 adders
  An ooze (D:1)
  2 worms
  A dart slug (D:1)
  A giant gecko (D:1)
  7 bats
  2 giant cockroaches (D:2)
  8 goblins
  5 hobgoblins
  4 kobolds
  A quokka (D:3)
  2 ball pythons
  2 giant newts (D:1)
  3 rats
44 creatures vanquished.

Notes
Turn   | Place    | Note
--------------------------------------------------------------
     0 | D:1      | Inkary the Minotaur Skald began the quest for the Orb.
     0 | D:1      | Reached XP level 1. HP: 18/18 MP: 1/1
    91 | D:1      | Reached XP level 2. HP: 6/25 MP: 0/3
   248 | D:1      | Reached skill level 3 in Maces & Flails
   628 | D:2      | Found an oddly glowing altar of Pakellas.
   793 | D:2      | Reached XP level 3. HP: 12/30 MP: 4/4
  1167 | D:2      | Found a shattered altar of Ashenzari.
  1223 | D:2      | Found a deep blue altar of Sif Muna.
  1233 | D:2      | Found a radiant altar of Vehumet.
  1236 | D:2      | Found an opulent altar of Gozag.
  1883 | D:3      | Reached XP level 4. HP: 12/38 MP: 5/5
  2151 | D:3      | Found a white marble altar of Elyvilon.
  2813 | D:4      | Found Bguehoho's Bounteous Boutique.
  2821 | D:4      | Bought a potion of brilliance for 48 gold pieces
  2821 | D:4      | Bought a potion of berserk rage for 60 gold pieces
  2889 | D:4      | Found Luulah's Antique Weapon Shoppe.
  2911 | D:4      | Reached skill level 4 in Maces & Flails
  2911 | D:4      | Killed from afar by a gnoll

Skill      XL: |  1  2  3  4 |
---------------+-------------+-----
Maces & Flails | 3 4 |  4.0
Armour         | 2 |  2.8
Fighting       | 3 |  3.5
Spellcasting   | 2 |  2.0
Dodging        | |  1.1
Charms         | |  2.0

Action                   |  1- 3 |  4- 6 || total
-------------------------+-------+-------++-------
Melee: Mace              |   128 |    39 ||   167
       Headbutt          |     8 |     7 ||    15
 Cast: Infusion          |     6 |       ||     6
  Use: Potion            |     2 |       ||     2
       Scroll            |       |     1 ||     1
  Eat: Chunk             |     3 |     4 ||     7
Armor: Leather armour    |    36 |    12 ||    48
       Skin              |    19 |       ||    19
Dodge: Dodged            |    49 |    10 ||    59
Block: Shield            |    22 |    16 ||    38
